 Dungeon Crawl Stone Soup version 0.30.1-3-gfc49f6343a (webtiles) character file.

Game seed: 14409669214813508457

28 Atelerd the Digger (level 3, -2/21 HPs)
             Began as an Octopode Earth Elementalist on July 31, 2023.
             Killed by nerve-wracking pain
             ... invoked by an orc priest
              (9 damage)
             ... on level 2 of the Dungeon.
             The game lasted 00:01:07 (1439 turns).

Atelerd the Digger (Octopode Earth Elementalist)    Turns: 1439, Time: 00:01:08

Health: -2/21      AC:  1    Str:  7    XL:     3   Next: 12%
Magic:  3/6        EV: 13    Int: 19    God:
Gold:   49         SH:  0    Dex: 18    Spells: 5/6 levels left

rFire   + . .        k - +0 dagger (protect)
rCold   . . .        (no shield)
rNeg    . . .        (helmet restricted)
rPois   .            (no amulet)
rElec   .            d - ring of resist corrosion
rCorr   +            e - ring of protection from fire
SInv    .            l - +6 ring of dexterity
Will    .....        (no ring)
Stlth   +++          (no ring)
HPRegen 0.23/turn    (no ring)
MPRegen 0.10/turn    (no ring)
                     (no ring)

%: no passive effects
@: no status effects
A: almost no armour, amphibious, 8 rings, camouflage 1, gelatinous body 1,
(nimble swimmer 1), tentacles
a: no special abilities


You were on level 2 of the Dungeon.
You visited 1 branch of the dungeon, and saw 2 of its levels.

You collected 49 gold pieces.

Inventory:

Hand Weapons
 b - a +0 dagger
 i - a +1 whip of venom
 k - a +0 dagger of protection (weapon)
Jewellery
 d - a ring of resist corrosion (left tentacle)
 e - a ring of protection from fire (right tentacle)
 l - a +6 ring of dexterity (on tentacle)
Scrolls
 f - a scroll of enchant armour {unknown}
 g - a scroll of teleportation {unknown}
 h - a scroll of identify {unknown}
 j - a scroll of vulnerability {unknown}
Potions
 a - a potion of magic
 c - 2 potions of attraction {unknown}
 m - a potion of might {unknown}


   Skills:
 - Level 2.0 Dodging
 - Level 2.6 Stealth
 + Level 2.4 Spellcasting
 * Level 1.5 Transmutations
 + Level 3.5 Earth Magic


You had 5 spell levels left.
You knew the following spells:

 Your Spells              Type           Power      Damage    Failure   Level
a - Sandblast             Erth           30%        2d9       3%          1

Your spell library contained the following spells:

 Spells                   Type           Power      Damage    Failure   Level
 Passwall                 Tmut/Erth      10%        N/A       9%          2
 Stone Arrow              Conj/Erth      18%        3d8       24%         3
 Petrify                  Tmut/Erth      12%        N/A       50%         4


Dungeon Overview and Level Annotations

Branches:
Dungeon (2/15)

Altars:

Annotations:
D:1 exclusion: downstairs


Innate Abilities, Weirdness & Mutations

You cannot wear most types of armour.
You are amphibious.
You can wear up to eight rings at the same time.
Your skin changes colour to match your surroundings (Stealth+).
Your rubbery body absorbs attacks. (AC +1, EV +1)
((You are camouflaged when in or above water. (Stealth+)))
You have tentacles for arms and can constrict up to eight enemies at once.


Message History

The blast of sand hits the orc!
You kill the orc!
A puff of flame appears from out of thin air!
The puff of flame hits you. You resist.
You climb upwards.
Reactivating autopickup.
There is a stone staircase leading down here.
(D) Dungeon
Where to? (Enter - D:2, ? - help)
What level of the Dungeon? (default 1, ? - help) HP restored.
There is a stone staircase leading down here.
You climb downwards.
There is a stone staircase leading up here.
An orc is nearby!
An orc is nearby!
An orc is nearby!
An orc is nearby!
An orc is nearby!
An orc is nearby!
An orc and an orc priest come into view.
The blast of sand hits the orc.
The orc is moderately wounded.
The orc shouts!
The orc priest shouts!
An orc comes into view. It is wielding a +0 falchion.
The blast of sand hits the orc!
You kill the orc!
A bat comes into view.
The bat moves out of view.
The blast of sand hits the orc but does no damage.
The orc hits you with a +0 falchion!
There are monsters nearby!
The orc priest attacks as you move away!
The orc priest hits you with a +0 war axe!
* * * LOW HITPOINT WARNING * * *
The orc attacks as you move away! The orc barely misses you.
There is a stone staircase leading up here.
The orc priest calls down the wrath of Beogh upon you.
Pain shoots through your body!
You die...

######### #.......#
..#######.#####.###
#.o.....#@....o...######
#..)oo.##...........#
#.......#........<.....#
#.#.#########.........)##.
.. ..........)....# .
......#####.#### ######.#
#.....# ..# #.#o#.+ ...
.......#


You could see an orc priest and 2 orcs.

Vanquished Creatures
  3 orcs (D:2)
  A ball python (D:1)
  3 endoplasms (D:1)
  A giant cockroach (D:2)
  5 goblins (D:1)
  2 kobolds (D:1)
  5 bats (D:1)
  A frilled lizard (D:1)
  2 rats (D:1)
23 creatures vanquished.

Notes
Turn   | Place    | Note
-------+----------+-------------------------------------------
     0 | D:1      | Atelerd the Octopode Earth Elementalist began the quest for
                  | the Orb.
     0 | D:1      | Reached XP level 1. HP: 11/11 MP: 3/3
   198 | D:1      | Reached XP level 2. HP: 17/17 MP: 1/5
  1412 | D:2      | Reached XP level 3. HP: 21/21 MP: 4/6
  1439 | D:2      | Killed from afar by an orc priest

Illustrated notes

Levels and vault maps discovered:
D:1:      heliophobic_arrival_dark_side_of_the_moon, layout_basic
D:2:      layout_basic, basic_altar, minmay_gold_behind_fungi,
          dk_noncrumbling_3, uniq_robin, uniq_terence

Action                     || total
---------------------------++-------
  Melee: Tentacles         ||     3
         Constrict         ||     2
         Unarmed           ||     1
         Whip              ||     4
         Dagger            ||     1
   Cast: Sandblast         ||    25
 Armour: Skin              ||     1
  Dodge: Dodged            ||     6
